 Dungeon Crawl Stone Soup version 0.32-a0-411-g744942f433 (webtiles) character file.

Game seed: 13342645998889417155

53 dialectric the Chopper (level 3, -2/43 HPs)
             Began as a Coglin Berserker on Feb 21, 2024.
             Was a Believer of Trog.
             Slain by Robin
             ... wielding a +0 short sword
              (3 damage)
             ... on level 2 of the Dungeon.
             The game lasted 00:01:04 (958 turns).

dialectric the Chopper (Coglin Berserker)            Turns: 958, Time: 00:01:05

Health: -2/43      AC:  3    Str: 18 (19) XL:     3   Next: 89%
Magic:  3/3        EV: 12    Int:  5 (6)  God:    Trog [**....]
Gold:   89         SH:  0    Dex: 11 (13) Spells: 2/2 levels left

rFire   . . .        a - +0 hand axe {Paullus}
rCold   . . .        (no shield)
rNeg    . . .        b - +0 animal skin
rPois   .            (no helmet)
rElec   .            (no cloak)
rCorr   .            (no gloves)
SInv    .            h - +0 pair of boots
Will    .....        (no amulet) Stlth
                     (no ring)
HPRegen 0.27/turn    (no ring)
MPRegen 0.08/turn

%: no passive effects
@: berserking (expiring), immotile, revved, very quick
A: off-hand wielding, slow wielding, warmup strikes, legs shutdown
a: Renounce Religion, Berserk, Trog's Hand


You were on level 2 of the Dungeon.
You worshipped Trog.
Trog was pleased with you.
You visited 1 branch of the dungeon, and saw 2 of its levels.

You collected 89 gold pieces.

Inventory:

Hand Weapons
 a - a +0 hand axe (weapon) {Paullus}
Armour
 b - a +0 animal skin (worn)
 h - a +0 pair of boots (worn)
Jewellery
 e - an amulet of faith
Scrolls
 c - a scroll of enchant weapon {unknown}
 f - a scroll of amnesia {unknown}
Potions
 d - a potion of curing {unknown}
 g - a potion of degeneration


   Skills:
 + Level 3.4 Fighting
 + Level 3.5 Axes
 + Level 2.3 Armour
 + Level 2.3 Dodging


You had 2 spell levels left.
You didn't know any spells.
Your spell library was empty.

Dungeon Overview and Level Annotations

Branches:
Dungeon (2/15)

Altars:
Uskayaw

Annotations:
D:2 Robin


Innate Abilities, Weirdness & Mutations

You can wield a second weapon in your off-hand.
It takes a long time for you to wield or remove held weapons.
Your first few attacks do less damage.
Attacking and casting redirects power from your legs.


Message History

Robin says, "A pitiful Goblin like you will never find the ORB!"
You barely miss the hobgoblin. You closely miss the goblin.
The hobgoblin hits you. The goblin misses you.
You closely miss the hobgoblin. You barely miss the goblin.
The hobgoblin hits you. The goblin closely misses you.
Robin throws the goblin at you!
* * * LOW HITPOINT WARNING * * *
You are too injured to fight recklessly!
Unknown command.
Unknown command.
It was a potion of degeneration.
There was something very wrong with that liquid.
You feel weakened.
You feel dopey.
You feel clumsy.
You are no longer unable to travel.
The hobgoblin barely misses you. The goblin hits you with a +0 club.
* * * LOW HITPOINT WARNING * * *
Unknown command.
A red film seems to cover your vision as you go berserk!
You feel yourself moving faster!
You feel mighty! The hobgoblin closely misses you.
The goblin closely misses you. Robin hits you with a +0 short sword.
* * * LOW HITPOINT WARNING * * *
Unknown command.
You completely miss the hobgoblin. You barely miss the goblin.
You barely miss Robin. The hobgoblin barely misses you.
Robin completely misses you. The goblin completely misses you.
Unknown command.
Unknown command.
You barely miss Robin. You barely miss the goblin.
You closely miss the hobgoblin.
Unknown command.
You slash the hobgoblin!
You kill the hobgoblin!
Trog accepts your kill.
You slash Robin! You hit the goblin.
You kill the goblin!
Trog accepts your kill. Robin hits you with a +0 short sword.
You die...
Robin lets out a smug laugh.

#............#
#.#...######.#
#.#.......#
#†#.#........
#.#.#####.#.#
#### #.#.# ..
..... #.#.# ##
###...#)#.#
.......@).#
##....g####
...._..
.#.....
.......
.#.....
.......
#..g...


You could see Robin and a goblin.

Vanquished Creatures
  A dart slug (D:2)
  7 ball pythons (D:1)
  2 bats (D:1)
  2 endoplasms (D:1)
  7 goblins
  3 hobgoblins
  A kobold (D:1)
  A quokka (D:1)
  5 frilled lizards (D:1)
  2 rats (D:1)
31 creatures vanquished.

Notes
Turn   | Place    | Note
-------+----------+-------------------------------------------
     0 | D:1      | dialectric the Coglin Berserker began the quest for the
                  | Orb.
     0 | D:1      | Reached XP level 1. HP: 18/18 MP: 1/1
   160 | D:1      | Reached XP level 2. HP: 24/24 MP: 2/2
   496 | D:1      | Reached XP level 3. HP: 29/29 MP: 3/3
   941 | D:2      | Found a hide-covered altar of Uskayaw.
   947 | D:2      | Reached ** piety under Trog
   947 | D:2      | Noticed Robin
   955 | D:2      | HP: 1/43 [Robin/+0 short sword (4)]
   958 | D:2      | Slain by Robin

Illustrated notes

Levels and vault maps discovered:
D:1:      minmay_arrival_diagonal_passages, layout_basic
D:2:      layout_basic, basic_altar, st_stairs_7, uniq_terence, uniq_robin

Skill      XL: |  1 |
---------------+----+-----
Armour         | 2 |  2.3
Dodging        | 2 |  2.3
Fighting       | |  3.4
Axes           | |  3.5

Action                     || total
---------------------------++-------
  Melee: Hand axe          ||    81
 Invoke: Berserk           ||     1
    Use: Potion            ||     1
   Stab: Sleeping          ||     1
 Armour: Animal skin       ||    44
  Dodge: Dodged            ||    57

Table legend: (Time is in decaauts)
 A = Elapsed time spent in this place.
 B = Non-inter-level travel time spent in this place.
 C = Inter-level travel time spent in this place.
 D = Time resting spent in this place.
 E = Time spent auto-exploring this place.
 F = Levels seen in this place.
 G = Mean time per level.
                   A        B        C        D        E       F      G
               +--------+--------+--------+--------+--------+-----+--------+
         Total |    967 |    967 |      0 |      0 |    767 |   2 |  483.5 |
       Dungeon |    967 |    967 |      0 |      0 |    767 |   2 |  483.5 |
               +--------+--------+--------+--------+--------+-----+--------+

Top non-repeatable levels by time:
     D:1: 868 daAuts
     D:2: 99 daAuts
